Construct Section Command Post
Selects Canadian Shock Battlegroup
Construct Platoon Command Post
Unlock M3 Stuart Light Tanks
Selects Canadian Shock Section
Selects Incendiary Munitions
6-pounder Anti-tank Gun Team
Construct Company Command Post
Unlock M3 Grant Medium Tanks
Selects Churchill Crocodile Heavy Tank
Churchill Crocodile Heavy Tank
Construct Field Infirmary
Unlock Towed 17-pounder Anti-tank Guns